 Dungeon Crawl Stone Soup version 0.26.0-41-g79a4fc7684 (webtiles) character file.

Game seed: 3985697614914482689

168 Delamore the Shield-Bearer (level 5, -3/34 HPs)
             Began as a Gargoyle Fighter on Jan 26, 2021.
             Killed from afar by an orc wizard (7 damage)
             ... with a puff of flame
             ... on level 3 of the Dungeon.
             The game lasted 00:02:19 (2433 turns).

Delamore the Shield-Bearer (Gargoyle Fighter)       Turns: 2433, Time: 00:02:19

Health: -3/34      AC: 10    Str: 21    XL:     5   Next: 49%
Magic:  5/5        EV:  7    Int:  8    God:
Gold:   200        SH:  9    Dex:  9    Spells: 4/4 levels left

rFire    . . .     SeeInvis .   a - +1 flail
rCold    . . .     Faith    .   c - +0 kite shield
rNeg     + . .     Spirit   .   b - +0 scale mail
rPois    ∞         Reflect  .   (no helmet)
rElec    +         Harm     .   (no cloak)
rCorr    .         Rampage  .   (no gloves)
Will     .....                  (no boots)
Stlth    ..........             (no amulet)
HPRegen  0.11/turn              (no ring)
MPRegen  0.09/turn              (no ring)

@: no status effects
A: negative energy resistance 1, electricity resistance, unbreathing,
petrification resistance, miasma immunity, AC +4
a: no special abilities


You were on level 3 of the Dungeon.
You visited 1 branch of the dungeon, and saw 4 of its levels.

You collected 200 gold pieces.

Inventory:

Hand Weapons
 a - a +1 flail (weapon)
Missiles
 m - 3 atropa-tipped darts (quivered)
Armour
 b - a +0 scale mail (worn)
 c - a +0 kite shield (worn)
Scrolls
 f - a scroll of enchant weapon
 i - a scroll of teleportation
 k - a scroll of enchant armour
 n - a scroll of noise
 o - a scroll of remove curse
Potions
 d - 2 potions of might
 e - 2 potions of lignification {unknown}
 g - a potion of curing {unknown}
 h - a potion of flight {unknown}
 l - a potion of cancellation {unknown}


   Skills:
 + Level 4.6 Fighting
 + Level 3.4 Maces & Flails
 - Level 3.2 Armour
 + Level 4.6 Shields


You had 4 spell levels left.
You didn't know any spells.
Your spell library was empty.

Dungeon Overview and Level Annotations

Branches:
Dungeon (4/15)
 Temple: D:4-7

Altars:
Ashenzari
Elyvilon
Nemelex Xobeh
Uskayaw
The Shining One


Innate Abilities, Weirdness & Mutations

You are resistant to torment.
Your stone body is resilient. (AC +4)
You are immune to poison.
You resist negative energy. (rN+)
You are resistant to electric shocks. (rElec)
You can survive without breathing.
You are immune to petrification.
You are immune to miasma.


Message History

You closely miss something.
You hear some strange, mumbled words.
A magic dart appears from out of thin air!
The magic dart hits you!
* * * LOW HITPOINT WARNING * * *
Something hits you but does no damage.
You miss something.
A hobgoblin comes into view. It is wielding a +0 club.
Something hits you but does no damage.
You miss something.
The hobgoblin shouts!
The hobgoblin throws a stone.
You block the stone. Something completely misses you.
The hobgoblin throws a stone.
The stone hits you but does no damage.
You closely miss something. You block something's attack.
The hobgoblin throws a stone.
The stone hits you but does no damage.
You hear some strange, mumbled words.
A puff of flame appears from out of thin air!
The puff of flame hits you!
You die...

#.# #.##(# #.#.## #.# #g##(#
##.#.# #.######.##.####....#
#########.#......##.........#
...<........####.##).###...##
.########.### #.##..# ##.##
..#######.## #.##..# #.#
...........# #.##..# #.#
...........# #@##..####.#
...#...###.#####.{........#
...#......÷....#.##..######
#.......)#÷..........#
...........).#.#.....######
#........#.#.#.####.......#
#..#...###.#.#.#
##.####.####### #..#...#
#.#.#.# #<# #........
#..##.## #...#.# #.#
#.#######


You could see a hobgoblin.

Vanquished Creatures
  3 gnolls (D:3)
  6 adders
  An adder zombie (D:3)
  A worm (D:2)
  3 dart slugs
  An orc (D:4)
  4 bats
  4 giant cockroaches
  8 hobgoblins
  3 jackals (D:3)
  7 kobolds
  3 quokkas
  2 ball pythons
  6 frilled lizards
  12 goblins
  11 rats
75 creatures vanquished.

Vanquished Creatures (others)
  A plant (D:1)
1 creature vanquished.

Grand Total: 76 creatures vanquished

Notes
Turn   | Place    | Note
-------+----------+-------------------------------------------
     0 | D:1      | Delamore the Gargoyle Fighter began the quest for the Orb.
     0 | D:1      | Reached XP level 1. HP: 14/14 MP: 1/1
    65 | D:1      | Reached XP level 2. HP: 18/19 MP: 2/2
   167 | D:1      | Reached XP level 3. HP: 23/24 MP: 3/3
  1202 | D:2      | Found a white marble altar of Elyvilon.
  1248 | D:2      | Reached XP level 4. HP: 26/29 MP: 4/4
  1790 | D:3      | Found a hide-covered altar of Uskayaw.
  1790 | D:3      | Found a broken altar of Ashenzari.
  1793 | D:3      | Found a glowing golden altar of the Shining One.
  1824 | D:3      | Reached XP level 5. HP: 34/34 MP: 5/5
  1862 | D:3      | Found a sparkling altar of Nemelex Xobeh.
  2381 | D:4      | Found a white marble altar of Elyvilon.
  2433 | D:3      | Killed from afar by an orc wizard

Illustrated notes

Levels and vault maps discovered:
D:1:      dpeg_arrival_renting, layout_rooms, serial_bayou_pond_b,
          minmay_misc_feat_rugged, minmay_heptomino_d4
D:2:      layout_basic, marbit_many_paths, chequers_serial_rivers_micro_b,
          minmay_split_cup_large
D:3:      layout_loops_ring, general_overflow_altar,
          gammafunk_temple_overflow_forgotten
D:4:      layout_basic, grunt_dithmenos_smoke_and_mirrors,
          minmay_temple_entry_proselytizer, gup_ossuary_entry_pyramid,
          elyvilon_altar_5

Skill      XL: |  1  2  3  4 |
---------------+-------------+-----
Shields        | 4 |  4.6
Fighting       | 4 |  4.6
Maces & Flails | 3 |  3.4
Armour         | |  3.2

Action                   |  1- 3 |  4- 6 || total
-------------------------+-------+-------++-------
Melee: Flail             |   140 |   144 ||   284
  Use: Scroll            |       |     5 ||     5
Armor: Scale mail        |    87 |    89 ||   176
Dodge: Dodged            |    40 |    40 ||    80
Block: Kite shield       |    56 |    89 ||   145
